 Dungeon Sprint DCSS version 0.28.0-53-g5a82cb258f (webtiles) character file.

Game seed: 8411240389042394098

2974 Zeld the Warrior (level 9, -29/100 HPs)
             Began as a Minotaur Berserker on June 4, 2022.
             Was an Elder of Trog.
             Killed from afar by Sigmund (41 damage)
             ... with a bolt of fire
             ... in the Dungeon (Sprint III: "The Ten Rune Challenge").
             The game lasted 00:01:50 (1538 turns).

Zeld the Warrior (Minotaur Berserker)               Turns: 1538, Time: 00:01:51

Health: -29/100    AC:  3    Str: 25    XL:     9   Next: 53%
Magic:  8/8        EV: 15    Int:  4    God:    Trog [****..]
Gold:   27         SH:  0    Dex: 11    Spells: 8/8 levels left

rFire   . . .      SeeInvis .   a - +0 hand axe
rCold   . . .      Faith    .   (no shield)
rNeg    . . .      Spirit   .   b - +0 animal skin
rPois   .          Reflect  .   (helmet restricted)
rElec   .          Harm     .   (no cloak)
rCorr   .          Rampage  .   (no gloves)
Will    .....      NoTele   +   (no boots)
Stlth   +.........              (no amulet)
HPRegen 0.26/turn               (no ring)
MPRegen 0.11/turn               (no ring)

@: on berserk cooldown, slowed, very slow
A: horns 2, retaliatory headbutt
a: Renounce Religion, Berserk, Trog's Hand, Brothers in Arms


You were in the Dungeon.
You worshipped Trog.
Trog was greatly pleased with you.
You visited 1 branch You collected 27 gold pieces.

Inventory:

Hand Weapons
 a - a +0 hand axe (weapon)
Armour
 b - a +0 animal skin (worn)
Scrolls
 h - a scroll of blinking
 i - a scroll of amnesia {unknown}
 k - a scroll of holy word {unknown}
 l - 4 scrolls of identify
 m - 2 scrolls of torment {unknown}
Potions
 c - 2 potions of curing
 e - 2 potions of haste
 f - 2 potions of magic
 g - a potion of berserk rage
 j - 3 potions of mutation {unknown}
 n - a potion of resistance {unknown}
 o - a potion of flight {unknown}
Miscellaneous
 p - a box of beasts


   Skills:
 * Level 15.6 Fighting
 * Level 15.5 Axes
 + Level 11.0 Armour
 + Level 10.3 Dodging


You had 8 spell levels left.
You didn't know any spells.
Your spell library was empty.

Dungeon Overview and Level Annotations

Branches:
Dungeon (1/1)

Altars:
Cheibriados
Dithmenos
Elyvilon
Fedhas
Gozag
Hepliaklqana
Kikubaaqudgha
Makhleb
Nemelex Xobeh
Okawaru
Qazlal
Ru
Sif Muna
Trog
Uskayaw
Vehumet
Wu Jian
Xom
Yredelemnul
Zin
The Shining One
Beogh
Jiyva
Lugonu

Annotations:
D Edmund, Sigmund


Innate Abilities, Weirdness & Mutations

You have a pair of horns on your head.
You reflexively headbutt those who attack you in melee.


Message History

Your troll barely misses Edmund.
Your troll misses something.
Your troll claws something! x2
A bolt of fire appears from out of thin air!
The bolt of fire hits your troll!! Something misses your troll.
Something hits your troll! Space warps around your troll.
You hear a shout!
A lance of force appears from out of thin air!
The lance of force hits your troll!!
Your troll dies!
Your troll's corpse disappears in a puff of smoke!
You hear a shout!
Something barely misses you.
There is an open door here.
You close the door.
Something unseen opens the door.
You close the door.
Something unseen opens the door.
Edmund throws a curare-tipped dart.
The curare-tipped dart misses you. Something hits you.
* * * LOW HITPOINT WARNING * * *
Edmund throws a curare-tipped dart.
The curare-tipped dart hits you.
You are poisoned.
You have difficulty breathing.
* * * LOW HITPOINT WARNING * * *
You feel as though you will be slow longer.
Unknown command.
You feel much better.
You feel very sick.
You hear some strange, mumbled words.
Something tries to affect you, but you resist.
You feel better. Something hits you! Space warps horribly around you!!
* * * LOW HITPOINT WARNING * * *
Your ogre goes berserk!
Trog will no longer gift you weapons. Something hits you but does no damage.
Space warps around you.
* * * LOW HITPOINT WARNING * * *
Edmund throws a curare-tipped dart.
You hear some strange, mumbled words.
A bolt of fire appears from out of thin air!
The bolt of fire hits you!!!
You die...

##### _#__# .#._# ##)##
....# ....# ###'#
#...#+#####################
#...#..≈≈≈'.#.'.@.'{#.#.#.+
#...#.#§§§#.#.#O).##@#.#.##
#...'.#.§§#.#.#)).#.#@#.#.#
'...#.#§§§#...#...##.#.#.#
▓▓▓▓▓▓▓▓▓▓▓▓▓▓▓▓▓▓#.#.#.#
##.#.#.# +)#.#.#.#
##.#.#.## ##{#####


You could see Edmund and a friendly ogre (summoned, berserk).

Vanquished Creatures
  Josephine (D)
  A centaur warrior (D)
  A deep elf pyromancer (D)
  An unseen horror (D)
  A shadow (D)
  A spatial vortex (D)
  A necrophage (D)
  2 centaurs (D)
  An earth elemental (D)
  A water elemental (D)
  A scorpion (D)
  A jelly (D)
  A wizard (D)
  A necromancer (D)
  3 humans (D)
  A kobold demonologist (D)
  An endoplasm (D)
  3 rats (D)
23 creatures vanquished.

Notes
Turn   | Place    | Note
-------+----------+-------------------------------------------
     0 | D        | Zeld the Minotaur Berserker began the quest for the Orb.
     0 | D        | Reached XP level 1. HP: 19/19 MP: 0/0
    27 | D        | Reached ** piety under Trog
    81 | D        | Noticed a scorpion
    86 | D        | Killed a scorpion
    87 | D        | Reached XP level 2. HP: 22/30 MP: 1/1
    87 | D        | Reached XP level 3. HP: 27/37 MP: 2/2
    90 | D        | Reached XP level 4. HP: 29/45 MP: 3/3
   329 | D        | Noticed a water elemental
   333 | D        | Killed a water elemental
   334 | D        | Reached skill level 5 in Armour
   381 | D        | Found a radiant altar of Vehumet.
   381 | D        | Found a shimmering blue altar of Sif Muna.
   381 | D        | Found an ancient bone altar of Kikubaaqudgha.
   381 | D        | Noticed a wizard
   392 | D        | Reached *** piety under Trog
   393 | D        | Reached XP level 5. HP: 53/53 MP: 4/4
   400 | D        | Reached skill level 5 in Dodging
   486 | D        | Found a glowing silver altar of Zin.
   486 | D        | Found a glowing golden altar of the Shining One.
   486 | D        | Found a white marble altar of Elyvilon.
   487 | D        | Noticed a deep elf pyromancer
   499 | D        | Killed a deep elf pyromancer
   499 | D        | Reached **** piety under Trog
   500 | D        | Reached XP level 6. HP: 53/68 MP: 5/5
   500 | D        | Reached XP level 7. HP: 58/74 MP: 6/6
   578 | D        | Found a hide-covered altar of Uskayaw.
   578 | D        | Found an iron altar of Okawaru.
   578 | D        | Found a bloodstained altar of Trog.
   578 | D        | Found an ornate altar of the Wu Jian Council.
   578 | D        | Noticed a human
   579 | D        | Noticed a human
   586 | D        | Killed a human
   588 | D        | Killed a human
   739 | D        | Found a basalt altar of Yredelemnul.
   739 | D        | Found a shadowy altar of Dithmenos.
   739 | D        | Found a sacrificial altar of Ru.
   822 | D        | Noticed a shadow
   828 | D        | Killed a shadow
   828 | D        | Reached ***** piety under Trog
   829 | D        | Reached XP level 8. HP: 85/85 MP: 7/7
   884 | D        | Found a blossoming altar of Fedhas.
   884 | D        | Found a stormy altar of Qazlal.
   884 | D        | Found a snail-covered altar of Cheibriados.
   884 | D        | Found a burning altar of Makhleb.
   884 | D        | Found a shimmering altar of Xom.
   885 | D        | Found a hazy altar of Hepliaklqana.
   885 | D        | Found an opulent altar of Gozag.
   885 | D        | Found a sparkling altar of Nemelex Xobeh.
   885 | D        | Found a corrupted altar of Lugonu.
   885 | D        | Found a viscous altar of Jiyva.
   974 | D        | Noticed Josephine
   980 | D        | Killed Josephine
   981 | D        | Reached skill level 10 in Armour
  1098 | D        | Reached XP level 9. HP: 96/96 MP: 8/8
  1197 | D        | Noticed a centaur warrior
  1204 | D        | Killed a centaur warrior
  1205 | D        | Reached skill level 15 in Fighting
  1205 | D        | Reached skill level 15 in Axes
  1205 | D        | Reached skill level 10 in Dodging
  1344 | D        | Killed an unseen horror
  1344 | D        | Received a gift from Trog
  1502 | D        | Noticed Sigmund
  1502 | D        | Noticed Edmund
  1538 | D        | Killed from afar by Sigmund

Illustrated notes

Levels and vault maps discovered:
D:        dungeon_sprint_mu [sprint_mu_entry_cave, sprint_mu_temple_rooms,
          sprint_mu_d1_horrors, sprint_mu_d2_genie, sprint_mu_d3_branching,
          sprint_mu_orc_legion, sprint_mu_elf_gauntlet, sprint_mu_hive_nellie,
          sprint_mu_lair_fedhas, sprint_mu_vaults_butterflies,
          sprint_mu_slime_circle, sprint_mu_swamp_cave, sprint_mu_snake_twists,
          sprint_mu_blade_basic, sprint_mu_crypt_fortress,
          sprint_mu_tomb_spiral, sprint_mu_vestibule_basic,
          sprint_mu_gehenna_hellfire, sprint_mu_dis_giant,
          sprint_mu_tartarus_statrot, sprint_mu_cocytus_islands, sprint_mu_zot1]

Skill      XL: |  1  2  3  4  5  6  7  8  9 |
---------------+----------------------------+-----
Fighting       | 6 8 11 12 14 15 | 15.6
Axes           | 6 8 11 12 14 15 | 15.5
Armour         | 4 5 7 9 10 11 | 11.0
Dodging        | 3 4 7 8 9 10 | 10.3

Action                   |  1- 3 |  4- 6 |  7- 9 || total
-------------------------+-------+-------+-------++-------
Melee: Hand axe          |    13 |    24 |    74 ||   111
       Headbutt          |     2 |     1 |    12 ||    15
Invok: Berserk           |     1 |     3 |     7 ||    11
       Brothers in Arms  |       |       |     3 ||     3
  Use: Potion            |       |       |     2 ||     2
 Stab: Sleeping          |     1 |       |       ||     1
Armor: Animal skin       |     1 |     1 |     4 ||     6
Dodge: Dodged            |    10 |    12 |    41 ||    63
